 Dungeon Crawl Stone Soup version 0.29-a0-330-g52719c12eb (webtiles) character file.

Game seed: 5572881485039629638

2712 kae the Transmogrifier (level 9, -4/76 HPs)
             Began as a Red Draconian Transmuter on May 16, 2022.
             Was an Initiate of Ru.
             Killed from afar by Maggie (12 damage)
             ... with a bolt of fire
             ... on level 6 of the Dungeon.
             The game lasted 00:07:28 (7479 turns).

kae the Transmogrifier (Red Draconian Transmuter)   Turns: 7479, Time: 00:07:29

Health: -4/76      AC:  8    Str: 14    XL:     9   Next: 39%
Magic:  17/17      EV: 10    Int: 17    God:    Ru [......]
Gold:   147        SH:  0    Dex: 11    Spells: 9/19 levels left

rFire   . . .      SeeInvis .     - Unarmed
rCold   + + +      Faith    .   (shield currently unavailable)
rNeg    . . .      Spirit   .   (body armour unavailable)
rPois   +          Reflect  .   (helmet currently unavailable)
rElec   .          Harm     .   (cloak currently unavailable)
rCorr   .          Rampage  .   (gloves currently unavailable)
Will    .....                   (boots currently unavailable)
Stlth   +.........              (no amulet)
HPRegen 0.22/turn               b - ring of protection from fire
MPRegen 0.15/turn               (no ring)

@: about to teleport, ice-form (expiring), mesmerised
A: freezing attack, amphibious, boosted hp, (breathe fire), AC +7, large,
unfitting armour, (fire resistance 1), (cold-blooded)
a: End Transformation, Renounce Religion


You were on level 6 of the Dungeon.
You worshipped Ru.
Ru was noncommittal.
You were a creature of crystalline ice.
You visited 2 branches of the dungeon, and saw 7 of its levels.

You collected 344 gold pieces.
You spent 197 gold pieces at shops.

Inventory:

Hand Weapons
 g - a +0 whip of venom
Jewellery
 b - a ring of protection from fire (left front paw)
Wands
 k - a wand of charming (3)
 m - a wand of flame (19)
 n - a wand of paralysis (7)
Scrolls
 i - a scroll of fear
 j - 5 scrolls of identify
 l - 3 scrolls of teleportation
 p - a scroll of blinking
Potions
 a - a potion of attraction
 c - 6 potions of curing
 d - a potion of brilliance
 e - a potion of magic
 f - a potion of resistance
 h - 3 potions of mutation
 o - a potion of lignification


   Skills:
 - Level 1.1 Fighting
 - Level 1.7 Dodging
 + Level 6.5 Unarmed Combat
 + Level 5.6 Spellcasting
 * Level 8.6 Transmutations
 + Level 4.0 Ice Magic
 - Level 1.5 Poison Magic


You had 9 spell levels left.
You knew the following spells:

 Your Spells              Type           Power      Damage    Failure   Level
a - Beastly Appendage     Tmut           68%        N/A       1%          1
b - Wereblood             Tmut           34%        N/A       1%          2
c - Spider Form           Tmut/Pois      21%        N/A       4%          3
d - Ice Form              Ice/Tmut       26%        N/A       10%         4

Your spell library contained the following spells:

 Spells                   Type           Power      Damage    Failure   Level
 Ignite Poison            Fire/Tmut/Pois 16%        N/A       10%         3
 Conjure Flame            Conj/Fire      4%         6-21      38%         3
 Sticky Flame             Conj/Fire      4%         2d3       80%         4


Dungeon Overview and Level Annotations

Branches:
Dungeon (6/15)             Temple (1/1) D:6

Altars:
Ashenzari
Cheibriados
Dithmenos
Elyvilon
Gozag
Hepliaklqana
Kikubaaqudgha
Makhleb
Nemelex Xobeh
Okawaru
Qazlal
Ru
Sif Muna
Trog
Uskayaw
Vehumet
Xom
Zin
The Shining One

Shops:
D:3 *   D:4 *   D:5 *

Annotations:
D:5 1 runed translucent door, Crazy Yiuf
D:6 Maggie


Innate Abilities, Weirdness & Mutations

You are a creature of crystalline ice.
You have a powerful freezing melee attack.
You are amphibious.
Your maximum health is increased.
Your armour is entirely melded.
You are incapable of wielding weapons or throwing items.
((You can breathe blasts of fire.))
((Your fiery red scales are hard. (AC +7)))
You cannot fit into any form of body armour.
((Your flesh is heat resistant. (rF+)))
((You are cold-blooded and may be slowed by cold attacks.))


Message History

You open the door.
Found a scroll of identify.
Your transformation is almost over.
There is an open door here.
Maggie and a troll come into view.
Maggie is wielding a +0 war axe of flaming.
Found a dagger and a ring mail.
Maggie shouts!
The troll shouts!
The hound barely misses you. The troll closely misses you. The troll claws you!
The troll claws you but does no damage. The hound bites you but does no damage.
You punch the hound! You freeze the hound.
The hound is severely wounded.
The hound barely misses you.
Maggie casts a spell.
Maggie attempts to bespell you!
You are mesmerised by Maggie!
The troll closely misses you. The troll barely misses you.
The troll completely misses you.
A hound comes into view.
Okay, then.
As you read the scroll of teleportation, it crumbles to dust.
You feel strangely unstable. The hound bites you but does no damage.
The troll bites you. The troll claws you but does no damage.
The troll claws you. The hound completely misses you.
The troll attacks as you move away! The troll bites you but does no damage.
The troll claws you. x2
* * * LOW HITPOINT WARNING * * *
The hound completely misses you.
Maggie hits you with a +0 war axe of flaming.
* * * LOW HITPOINT WARNING * * *
Maggie melts you.
* * * LOW HITPOINT WARNING * * *
You cannot move away from Maggie!
The troll attacks as you move away! The troll bites you but does no damage.
The troll claws you!
* * * LOW HITPOINT WARNING * * *
The troll barely misses you. The hound barely misses you.
Maggie gestures at you while chanting. The bolt of fire hits you!
You die...

###'#....##............
#.#..................
#.#.......). .....
#.#......... #....
#.'......... #....
####......... #....
#...T........ .....
#...h......# .##..
#...@Y.###... #..
#....h...# .
#.....?....
#............
#..[..##....... #.....
....... #..... .......
#..... .......


You could see Maggie (mesmerising), a troll and 2 hounds.

Vanquished Creatures
  A two-headed ogre (D:4)
  Grinder (D:3)
  Prince Ribbit (D:6)
  Sigmund (D:3)
  Edmund (D:6)
  2 sky beasts
  3 ogres
  A phantom (D:6)
  2 centaurs (D:5)
  2 bullfrogs (D:6)
  3 necrophages
  3 howler monkeys
  2 hounds
  An orc priest (D:4)
  A jelly (D:6)
  A gnoll shaman (D:4)
  An iguana (D:5)
  6 adders
  5 gnolls (D:4)
  3 shadow imps (D:6)
  A white imp (D:5)
  An ufetubus (D:5)
  2 worms
  4 dart slugs
  6 orcs
  11 bats
  7 endoplasms
  4 giant cockroaches
  9 goblins
  7 hobgoblins
  4 jackals (D:3)
  10 kobolds
  5 quokkas
  8 ball pythons
  2 frilled lizards
  4 rats
126 creatures vanquished.

Vanquished Creatures (others)
  2 plants (D:4)
2 creatures vanquished.

Grand Total: 128 creatures vanquished

Notes
Turn   | Place    | Note
-------+----------+-------------------------------------------
     0 | D:1      | kae the Draconian Transmuter began the quest for the Orb.
     0 | D:1      | Reached XP level 1. HP: 16/16 MP: 3/3
   247 | D:1      | Reached XP level 2. HP: 20/23 MP: 3/5
   282 | D:1      | Learned a level 2 spell: Wereblood
   320 | D:1      | Found a faded altar of an unknown god.
   773 | D:1      | Reached XP level 3. HP: 27/28 MP: 4/6
  1238 | D:1      | Reached skill level 3 in Transmutations
  2232 | D:2      | Reached XP level 4. HP: 18/35 MP: 5/7
  2442 | D:3      | Learned a level 3 spell: Spider Form
  2532 | D:3      | Found Jiuck's General Store.
  2540 | D:3      | Bought a scroll of teleportation for 36 gold pieces
  2630 | D:3      | Noticed Sigmund
  2635 | D:3      | Noticed Grinder
  2822 | D:3      | Killed Sigmund
  2823 | D:3      | Reached skill level 4 in Transmutations
  2823 | D:3      | Reached skill level 1 in Poison Magic
  2823 | D:3      | Reached XP level 5. HP: 27/40 MP: 5/9
  2823 | D:3      | Reached XP level 6. HP: 32/47 MP: 5/10
  2961 | D:3      | Learned a level 4 spell: Ice Form
  3095 | D:3      | Paralysed by Grinder for 5 turns
  3103 | D:3      | HP: 1/47 [Grinder/nerve-wracking pain (14)]
  3447 | D:3      | Killed Grinder
  3448 | D:3      | Reached skill level 5 in Transmutations
  3448 | D:3      | Reached skill level 1 in Ice Magic
  3636 | D:4      | Your scales start taking on a fiery red colour.
  3636 | D:4      | Reached XP level 7. HP: 43/52 MP: 6/12
  3636 | D:4      | Gained mutation: Your flesh is heat resistant. (rF+) [Red
                  | Draconian growth]
  3844 | D:4      | Noticed a two-headed ogre
  3850 | D:4      | Killed a two-headed ogre
  3851 | D:4      | Reached skill level 5 in Unarmed Combat
  3851 | D:4      | Reached skill level 6 in Transmutations
  3851 | D:4      | Reached XP level 8. HP: 10/59 MP: 12/14
  4316 | D:4      | Reached skill level 7 in Transmutations
  4715 | D:4      | Found a radiant altar of Vehumet.
  4910 | D:4      | Found Jabummeh's General Store.
  4918 | D:4      | Bought a scroll of blinking for 90 gold pieces
  4918 | D:4      | Bought a scroll of teleportation for 36 gold pieces
  5181 | D:5      | Entered Level 5 of the Dungeon
  5557 | D:5      | Reached skill level 5 in Spellcasting
  5641 | D:5      | Found Jiesol's Assorted Antiques.
  5672 | D:5      | Bought a scroll labelled XAFUHEUPUV for 35 gold pieces
  5753 | D:5      | Found a runed translucent door.
  5754 | D:5      | Noticed Crazy Yiuf
  6134 | D:5      | Reached XP level 9. HP: 30/64 MP: 9/16
  6697 | D:6      | Noticed Prince Ribbit
  6709 | D:6      | Killed Prince Ribbit
  6710 | D:6      | Reached skill level 8 in Transmutations
  6827 | D:6      | Noticed Edmund
  6838 | D:6      | Killed Edmund
  7133 | D:6      | Found a staircase to the Ecumenical Temple.
  7144 | Temple   | Entered the Ecumenical Temple
  7328 | Temple   | Became a worshipper of Ru the Awakened
  7474 | D:6      | Noticed Maggie
  7474 | D:6      | Noticed a troll
  7479 | D:6      | Killed from afar by Maggie

Illustrated notes

Levels and vault maps discovered:
D:1:      lemuel_arrival_river_ford, layout_loops_ring,
          dreamdust_ecumenical_altar_statues, grunt_decor_clamped
D:2:      layout_basic
D:3:      layout_rooms, serial_shops, nicolae_shop_trees, uniq_grinder,
          uniq_sigmund
D:4:      cheibrodos_old_hovel, layout_loops_ring, vehumet_altar_wand_db,
          serial_shops, shop, patterned_corridor
D:5:      layout_basic, serial_shops, nicolae_shop_waterfront,
          uniq_crazy_yiuf_cottage
D:6:      layout_basic, minmay_temple_entry_glassed_door,
          gup_sewer_entry_spiral, uniq_edmund, uniq_prince_ribbit1, uniq_maggie
Temple:   dpeg_five_rooms_temple

Skill      XL: |  1  2  3  4  5  6  7  8  9 |
---------------+----------------------------+-----
Transmutations | 3 4 5 6 7 8 |  8.6
Unarmed Combat | 4 5 6 |  6.5
Spellcasting   | 3 4 5 |  5.6
Poison Magic   | 1 |  1.5
Ice Magic      | 1 2 3 4 |  4.0
Fighting       | |  1.1
Dodging        | |  1.7

Action                   |  1- 3 |  4- 6 |  7- 9 || total
-------------------------+-------+-------+-------++-------
Melee: Unarmed           |   128 |    83 |   165 ||   376
       Headbutt          |    10 |     3 |       ||    13
       Kick              |    18 |     2 |       ||    20
       Punch             |     6 |     2 |       ||     8
       Tailslap          |     6 |     3 |     2 ||    11
 Cast: Beastly Appendage |    25 |     7 |       ||    32
       Spider Form       |       |     8 |    17 ||    25
       Wereblood         |       |     1 |       ||     1
       Ice Form          |       |     1 |    11 ||    12
 Abil: Breathe Fire      |       |       |     5 ||     5
  Use: Potion            |     1 |       |       ||     1
       Scroll            |     3 |     6 |     7 ||    16
 Stab: Sleeping          |       |       |     1 ||     1
Armor: Skin              |    56 |    15 |    43 ||   114
Dodge: Dodged            |   101 |    74 |   124 ||   299

Table legend: (Time is in decaauts)
 A = Elapsed time spent in this place.
 B = Non-inter-level travel time spent in this place.
 C = Inter-level travel time spent in this place.
 D = Time resting spent in this place.
 E = Time spent auto-exploring this place.
 F = Levels seen in this place.
 G = Mean time per level.
                   A        B        C        D        E       F      G
               +--------+--------+--------+--------+--------+-----+--------+
         Total |   7454 |   7272 |    182 |    560 |   5670 |   7 | 1064.9 |
       Dungeon |   7236 |   7087 |    149 |    560 |   5505 |   6 | 1206.0 |
        Temple |    217 |    185 |     32 |      0 |    165 |   1 |  217.0 |
               +--------+--------+--------+--------+--------+-----+--------+

Top non-repeatable levels by time:
     D:4: 1657 daAuts
     D:5: 1466 daAuts
     D:1: 1414 daAuts
     D:2: 1347 daAuts
     D:3: 746 daAuts
     D:6: 603 daAuts
  Temple: 217 daAuts
